 Dungeon Crawl Stone Soup version 0.19-a0-147-g6f47703 (webtiles) character file.

6745 Kidiri the Nimble (level 10, -17/76 HPs)
             Began as a Demonspawn Necromancer on May 18, 2016.
             Was a Believer of Kikubaaqudgha.
             Killed by the air
             ... invoked by Gastronok
              (20 damage)
             ... on level 9 of the Dungeon.
             The game lasted 00:47:20 (13761 turns).

Kidiri the Nimble (Demonspawn Necromancer)         Turns: 13761, Time: 00:47:21

Health: -17/76     AC: 10    Str: 11    XL:     10   Next: 75%
Magic:  0/19       EV: 21    Int: 21    God:    Kikubaaqudgha [**....]
Gold:   572        SH:  0    Dex: 15    Spells: 8 memorised, 4 levels left

rFire  . . .     SeeInvis .     d - +2 short sword
rCold  . . .     Gourm    .     u - +2 robe of Xukepomy {Dex+4}
rNeg   . . .     Faith    .     (no shield)
rPois  .         Spirit   +     (no helmet)
rElec  .         Dismiss  .     (no cloak)
rCorr  +         Reflect  .     (no gloves)
SustAt .         Harm     .     (no boots)
MR     .....                    t - amulet of magic regeneration
Stlth  ++........               b - ring of resist corrosion
                                h - +4 ring of evasion

@: mighty, flying, slowed, very slow, not resistant to hostile enchantments,
unstealthy
A: hooves 1, iridescent scales 2, blink, clumsy 1, low mp 1, powered by pain 1,
weak 1, evolution 2, magic shield, magic regeneration
a: Blink, Receive Corpses, Renounce Religion


You were on level 9 of the Dungeon.
You worshipped Kikubaaqudgha.
Kikubaaqudgha was pleased with you.
You were not hungry.

You visited 2 branches of the dungeon, and saw 10 of its levels.

You collected 572 gold pieces.

Inventory:

Hand Weapons
 d - a +2 short sword (weapon)
Armour
 u - the +2 robe of Xukepomy (worn) {Dex+4}
   (You found it on level 7 of the Dungeon)

   It affects your dexterity (+4).
Jewellery
 b - a ring of resist corrosion (right hand)
 g - an uncursed ring of fire
 h - a +4 ring of evasion (left hand)
 i - an uncursed ring of protection from cold
 t - an amulet of magic regeneration (around neck)
 A - an uncursed ring of poison resistance
Wands
 a - a wand of disintegration (0/24)
 r - a wand of digging (13/24)
 s - a wand of digging (9/24)
 z - a wand of flame (19/48)
Scrolls
 e - 6 scrolls of immolation
 k - a scroll of remove curse
 o - a scroll of fog
 y - a scroll of amnesia {unknown}
Potions
 l - 7 potions of curing
 m - 3 potions of lignification
Comestibles
 c - 7 bread rations


   Skills:
 + Level 5.7 Fighting
 + Level 5.1 Armour
 * Level 8.0 Dodging
 - Level 1.7 Stealth
 * Level 7.9 Spellcasting
 + Level 4.6 Charms
 + Level 7.9 Necromancy


You had 4 spell levels left.
You knew the following spells:

 Your Spells              Type           Power        Failure   Level  Hunger
a - Pain                  Necr           ####         1%          1    None
b - Animate Skeleton      Necr           N/A          1%          1    None
c - Vampiric Draining     Necr           #####.....   1%          3    None
d - Regeneration          Chrm/Necr      ####......   1%          3    None
e - Animate Dead          Necr           N/A          3%          4    ###....
f - Control Undead        Necr           #####.....   3%          4    ###....
g - Corpse Rot            Necr           N/A          1%          2    None
h - Sublimation of Blood  Necr           #####.....   1%          2    None


Dungeon Overview and Level Annotations

Branches:
Dungeon (9/15)             Temple (1/1) D:4            Lair (0/8) D:9
    Orc (0/2) D:9

Altars:
Ashenzari
Cheibriados
Dithmenos
Elyvilon
Fedhas
Gozag
Kikubaaqudgha
Makhleb
Nemelex Xobeh
Okawaru
Pakellas
Qazlal
Ru
Sif Muna
Trog
Vehumet
Xom
Yredelemnul
Zin
The Shining One

Shops:
D:9 [

Annotations:
D:9 Gastronok, Prince Ribbit


Innate Abilities, Weirdness & Mutations

You have large cloven feet.
You are mostly covered in iridescent scales (AC +6).
You sometimes gain a little power by taking damage.
When hurt, damage is shared between your health and your magic reserves.
You regenerate magic rapidly.
You can translocate small distances at will.
You are clumsy. (Dex -2)
Your magical capacity is low (-10% MP).
You are weak. (Str -2)
You rapidly evolve.


Message History

Read which item? (? for menu, Esc to quit)
Okay, then.
Gastronok waves his eye-stalks in wide circles.
The air twists around and violently strikes you in flight!
* * * LOW HITPOINT WARNING * * *
You focus on the pain.
You feel your power returning.
Unknown command.
You reach down and open the door.
The river rat completely misses you.
Unknown command.
Gastronok waves his eye-stalks in wide circles.
The air twists around and violently strikes you in flight!
* * * LOW HITPOINT WARNING * * *
You focus on the pain.
You feel very mighty all of a sudden.
Found an escape hatch in the ceiling.
Found a stone staircase leading up.
There is an open door here.
Gastronok waves his eye-stalks in wide circles.
The air twists around and violently strikes you in flight!
You die...
Kikubaaqudgha rasps: "You have failed me!
Welcome... death!"

##. #.. #.# #.# #.# ###
#.# #########
...######.# #......<.
##### ..........###
#........ ..)(.
.........+..####@.....<.
####
.......w.##w...r........
#
######r#########........
## #.# #........ #. #.#
#........ ##. #.#
###.....# #.. #.##
####..# ##.. #..#
....)###†..
#######.#######
..%....(...


You could see Gastronok and a river rat.

Vanquished Creatures
  A hill giant (D:9)
  A two-headed ogre (D:8)
  A shadow (D:8)
  Eustachio (D:6)
  4 yaks (D:9)
  Grum (D:8)
  A hungry ghost (D:7)
  A human (D:7)
  3 sky beasts
  6 orc warriors
  2 black bears (D:8)
  A necrophage (D:7)
  2 wolves (D:8)
  4 ogres
  2 centaurs
  3 giant frogs
  4 scorpions
  21 killer bees
  A howler monkey (D:6)
  A giant frog zombie (D:6)
  2 jellies
  2 crimson imps
  6 hounds
  A giant frog skeleton (D:5)
  2 centaur skeletons
  Jessica (D:3)
  6 worker ants
  4 sheep
  A hound zombie (D:5)
  A hound skeleton (D:7)
  A worker ant zombie (D:5)
  3 gnolls (D:3)
  6 adders
  A shadow imp (D:6)
  An ooze (D:3)
  4 adder skeletons
  An adder zombie (D:5)
  A worm (D:4)
  2 dart slugs
  4 giant geckos
  10 orcs
  2 ball pythons
  4 bats
  3 giant cockroaches
  2 gnoll zombies (D:6)
  2 goblins (D:1)
  6 hobgoblins
  20 jackals
  6 kobolds
  5 quokkas
  2 giant gecko skeletons
  7 giant newts
  A jackal zombie (D:5)
  A quokka zombie (D:8)
  6 rats
188 creatures vanquished.

Vanquished Creatures (collateral kills)
  An elephant (D:9)
  A queen bee (D:9)
  2 yaks (D:9)
  A sky beast (D:9)
  A wolf (D:8)
  An ogre (D:9)
  A crocodile (D:9)
  A big kobold (D:9)
  2 giant frogs
  A scorpion (D:8)
  5 killer bees (D:9)
  A centaur skeleton (D:6)
  A sheep (D:7)
  A howler monkey skeleton (D:7)
  A goblin (D:2)
  A quokka (D:6)
  2 kobolds (D:9)
  2 rats
26 creatures vanquished.

Vanquished Creatures (others)
  A fungus (D:9)
1 creature vanquished.

Grand Total: 215 creatures vanquished

Notes
Turn   | Place    | Note
--------------------------------------------------------------
     0 | D:1      | Kidiri the Demonspawn Necromancer began the quest for the Orb.
     0 | D:1      | Reached XP level 1. HP: 13/13 MP: 3/3
     4 | D:1      | Learned a level 1 spell: Animate Skeleton
   435 | D:1      | Gained mutation: You are partially covered in iridescent scales (AC +4). [demonic ancestry]
   435 | D:1      | Reached XP level 2. HP: 19/19 MP: 5/5
   460 | D:1      | Reached skill level 2 in Dodging
  1078 | D:2      | Reached XP level 3. HP: 24/24 MP: 7/7
  1083 | D:2      | Learned a level 3 spell: Vampiric Draining
  1319 | D:2      | Found a faded altar to an unknown god.
  1677 | D:2      | Gained mutation: You can translocate small distances at will. [potion of mutation]
  1677 | D:2      | Gained mutation: You have large cloven feet. [potion of mutation]
  1677 | D:2      | Gained mutation: You are robust (+10% HP). [potion of mutation]
  2341 | D:3      | You fall through a shaft for 2 floors!
  2341 | D:5      | Entered Level 5 of the Dungeon
  2363 | D:5      | Found a stormy altar of Qazlal.
  2364 | D:5      | Found an ancient bone altar of Kikubaaqudgha.
  2372 | D:5      | Reached XP level 4. HP: 28/34 MP: 0/8
  2434 | D:5      | Learned a level 3 spell: Regeneration
  2434 | D:5      | Found a sparkling altar of Nemelex Xobeh.
  2437 | D:5      | Found an oddly glowing altar of Pakellas.
  2438 | D:5      | Found a glowing silver altar of Zin.
  2439 | D:5      | Found a shimmering altar of Xom.
  2441 | D:5      | Found a glowing golden altar of the Shining One.
  2581 | D:5      | Reached skill level 1 in Armour
  2860 | D:5      | Noticed an ogre
  2929 | D:5      | Killed an ogre
  2929 | D:5      | Reached skill level 1 in Fighting
  2929 | D:5      | Reached skill level 3 in Dodging
  2929 | D:5      | Reached skill level 5 in Necromancy
  2929 | D:5      | Gained mutation: When hurt, damage is shared between your health and your magic reserves. [demonic ancestry]
  2929 | D:5      | Reached XP level 5. HP: 2/40 MP: 1/10
  2957 | D:5      | HP: 1/40 [worker ant zombie (4)]
  2966 | D:4      | HP: 1/40 [jackal (1)]
  3024 | D:4      | Noticed a phantom
  3025 | D:4      | HP: 1/40 [phantom (3)]
  3198 | D:4      | Gained mutation: You sometimes gain a little power by taking damage. [demonic ancestry]
  3198 | D:4      | Reached XP level 6. HP: 11/47 MP: 0/11
  3209 | D:3      | Learned a level 4 spell: Animate Dead
  3696 | D:3      | Noticed Jessica
  3702 | D:3      | Killed Jessica
  4662 | D:4      | Reached skill level 1 in Charms
  4827 | D:4      | Found a staircase to the Ecumenical Temple.
  4836 | Temple   | Entered the Ecumenical Temple
  5194 | D:4      | Reached skill level 4 in Dodging
  5194 | D:4      | Gained mutation: You are mostly covered in iridescent scales (AC +6). [demonic ancestry]
  5194 | D:4      | Reached XP level 7. HP: 31/53 MP: 4/13
  5260 | D:5      | Became a worshipper of Kikubaaqudgha
  5825 | D:5      | Gained mutation: You are weak. (Str -2) [potion of mutation]
  5825 | D:5      | Gained mutation: You regenerate slowly when monsters are visible. [potion of mutation]
  5825 | D:5      | Gained mutation: Scrolls take you a little longer to read. [potion of mutation]
  7579 | D:6      | Found an opulent altar of Gozag.
  7857 | D:6      | Gained mutation: You regenerate magic rapidly. [demonic ancestry]
  7857 | D:6      | Reached XP level 8. HP: 46/62 MP: 7/14
  7874 | D:6      | Noticed Eustachio
  7898 | D:6      | Killed Eustachio
  8284 | D:6      | Reached skill level 5 in Dodging
  8293 | D:6      | Reached skill level 5 in Spellcasting
  8335 | D:6      | Learned a level 4 spell: Control Undead
  8515 | D:6      | Found a basalt altar of Yredelemnul.
  8809 | D:7      | Lost mutation: You are weak. (Str -2) [potion of cure mutation]
  8809 | D:7      | Lost mutation: Scrolls take you a little longer to read. [potion of cure mutation]
  8809 | D:7      | Lost mutation: You have large cloven feet. [potion of cure mutation]
  8809 | D:7      | Lost mutation: You are robust (+10% HP). [potion of cure mutation]
  8809 | D:7      | Lost mutation: You regenerate slowly when monsters are visible. [potion of cure mutation]
  8918 | D:7      | Found a shadowy altar of Dithmenos.
  9123 | D:7      | Got a heavy robe
  9135 | D:7      | Identified the +2 robe of Xukepomy {Dex+4} (You found it on level 7 of the Dungeon)
  9613 | D:7      | Gained mutation: You have large cloven feet. [demonic ancestry]
  9613 | D:7      | Reached XP level 9. HP: 60/65 MP: 12/17
  9748 | D:7      | Reached * piety under Kikubaaqudgha
  9748 | D:7      | Received a gift from Kikubaaqudgha
  9749 | D:7      | Identified Kikubaaqudgha's Disquisition on Evil (Kikubaaqudgha gifted it to you on level 7 of the Dungeon)
  9753 | D:7      | Learned a level 2 spell: Corpse Rot
  9826 | D:7      | Found a burning altar of Makhleb.
  9846 | D:7      | Reached skill level 6 in Dodging
 10497 | D:8      | Learned a level 2 spell: Sublimation of Blood
 10562 | D:8      | Found a white marble altar of Elyvilon.
 11023 | D:8      | Found a snail-covered altar of Cheibriados.
 11054 | D:8      | Noticed Grum
 11073 | D:8      | Killed Grum
 11605 | D:9      | Found a staircase to the Orcish Mines.
 11606 | D:9      | Found Ekhavaux's Armour Shop.
 11748 | D:9      | Gained mutation: You are clumsy. (Dex -2) [mutagenic meat]
 11749 | D:9      | Gained mutation: You evolve. [mutagenic meat]
 11750 | D:9      | Gained mutation: Your magical capacity is low (-10% MP). [mutagenic meat]
 11762 | D:9      | Reached skill level 7 in Dodging
 11980 | D:8      | Reached XP level 10. HP: 8/73 MP: 6/18
 12327 | D:8      | Reached skill level 5 in Fighting
 12621 | D:9      | Noticed a hill giant
 12636 | D:9      | Killed a hill giant
 12737 | D:9      | Noticed an elephant
 12773 | D:9      | Killed an elephant
 12797 | D:9      | Reached ** piety under Kikubaaqudgha
 13027 | D:9      | Found a staircase to the Lair.
 13064 | D:9      | Noticed Prince Ribbit
 13090 | D:9      | Reached skill level 5 in Armour
 13105 | D:9      | Reached skill level 8 in Dodging
 13588 | D:9      | Gained mutation: You rapidly evolve. [mutagenic meat]
 13589 | D:9      | Gained mutation: You are weak. (Str -2) [mutagenic meat]
 13724 | D:9      | Noticed Gastronok
 13760 | D:9      | HP: 3/76 [Gastronok/the air (12)]
 13761 | D:9      | Killed from afar by Gastronok

Vault maps used:
D:1:      minmay_arrival_stair_chambers, minmay_misc_feat_chi,
          grunt_decor_one_mirror
D:2:      ecumenical_altar_2
D:3:      first_bread, uniq_jessica
D:4:      minmay_temple_entry_statues_fountains, fountainhead,
          due_unseen_surprise
D:5:      minitemple
D:6:      lemuel_zombie_altar_yredelemnul, old_standard_altar, st_stairs_6,
          uniq_eustachio
D:7:      grunt_dithmenos_smoke_and_mirrors, grunt_livestock,
          makhleb_blood_cavern_becter
D:8:      lemuel_crystal_altar, nicolae_overflow_hidden_temple,
          hangedman_decor_lopped, uniq_grum, uniq_gastronok
D:9:      david_lair_generic, orc_david_3, basic_altar,
          kennysheep_generic_room_14, uniq_prince_ribbit1
Temple:   jpeg_temple_alley_garden_8

Skill      XL: |  1  2  3  4  5  6  7  8  9 10 |
---------------+-------------------------------+-----
Dodging        | 2 3 4 5 7 8 |  8.0
Spellcasting   | 3 4 5 7 |  7.9
Armour         | 1 2 3 4 5 |  5.1
Fighting       | 1 2 3 4 5 |  5.7
Necromancy     | 5 6 7 |  7.9
Charms         | 1 2 3 4 |  4.6
Stealth        | |  1.7

Action                   |  1- 3 |  4- 6 |  7- 9 | 10-12 || total
-------------------------+-------+-------+-------+-------++-------
Melee: Short sword       |    43 |   238 |   285 |     6 ||   572
       Kick              |     1 |    45 |    69 |     4 ||   119
 Cast: Pain              |    48 |    79 |   239 |   201 ||   567
       Animate Skeleton  |    15 |     6 |     6 |       ||    27
       Regeneration      |       |     1 |     1 |     5 ||     7
       Animate Dead      |       |     2 |    22 |    22 ||    46
       Control Undead    |       |       |     3 |     1 ||     4
       Vampiric Draining |       |       |     2 |       ||     2
Evoke: Wand              |       |       |    11 |     5 ||    16
  Use: Scroll            |     6 |     4 |     8 |     1 ||    19
       Potion            |     1 |     1 |     6 |     4 ||    12
 Stab: Distracted        |     2 |       |     1 |       ||     3
       Sleeping          |     3 |       |     2 |       ||     5
  Eat: Chunk             |     5 |     1 |    11 |     2 ||    19
       Meat ration       |       |     1 |     1 |       ||     2
       Bread ration      |       |     1 |       |       ||     1
       Pizza             |       |       |     8 |     1 ||     9
       Beef jerky        |       |       |     3 |     2 ||     5
       Fruit             |       |       |       |     3 ||     3
Armor: Robe              |     7 |       |    44 |    39 ||    90
       Leather armour    |     5 |    84 |    87 |       ||   176
Dodge: Dodged            |    48 |   257 |   421 |   321 ||  1047
